 Dungeon Crawl Stone Soup version 0.23.2-1-ga50397a6bc (webtiles) character file.

Game seed: 14466593573243739275

508 Mrkan the Skirmisher (level 7, 0/66 HPs)
             Began as a Gargoyle Fighter on May 18, 2019.
             Was an Initiate of Ashenzari.
             Slain by a bullfrog (3 damage)
             ... in a sewer.
             The game lasted 00:09:26 (4082 turns).

Mrkan the Skirmisher (Gargoyle Fighter)             Turns: 4082, Time: 00:09:26

Health: 0/66       AC: 18    Str: 26    XL:     7   Next: 18%
Magic:  7/7        EV:  5    Int:  9    God:    Ashenzari [......]
Gold:   175        SH: 10    Dex:  9    Spells: 6/6 levels left

rFire    . . .     SeeInvis .   a - +0 flail
rCold    . . .     Gourm    .   c - +0 shield
rNeg     + . .     Faith    .   y - +0 plate armour
rPois    ∞         Spirit   .   (no helmet)
rElec    +         Reflect  .   t - +0 cloak
rCorr    .         Harm     .   (no gloves)
MR       .....                  (no boots)
Stlth    ..........             (no amulet)
HPRegen  0.21/turn              (no ring)
MPRegen  0.10/turn              (no ring)

@: berserking (expiring), hasted, slow
A: negative energy resistance 1, electricity resistance, unbreathing,
petrification resistance, rot immunity, AC +4
a: Curse Item, Renounce Religion


You were in a sewer.
You worshipped Ashenzari.
Ashenzari was noncommittal.
You were not hungry.

You visited 1 branch of the dungeon, and saw 5 of its levels.
You also visited: Sewer.

You collected 175 gold pieces.

Inventory:

Hand Weapons
 a - a +0 flail (weapon)
Armour
 b - a +0 scale mail
 c - a +0 shield (worn)
 t - a +0 cloak (worn)
 y - a +0 plate armour (worn)
 A - a +0 pair of gloves
Wands
 o - a wand of random effects (30)
 x - a wand of polymorph (4)
Scrolls
 g - 2 scrolls of blinking
 h - 4 scrolls of identify
 j - 2 scrolls of amnesia {unknown}
 n - a scroll of enchant weapon {unknown}
 p - 2 scrolls of fog
 r - 2 scrolls of enchant armour {unknown}
 v - 3 scrolls of remove curse
 B - 3 scrolls of teleportation {unknown}
 E - 3 scrolls of magic mapping {unknown}
Potions
 d - 3 potions of might
 e - 2 potions of ambrosia {unknown}
 i - a potion of agility {unknown}
 k - 4 potions of berserk rage
 l - 3 potions of curing {unknown}
 m - a potion of invisibility {unknown}
 q - a potion of haste
 s - a potion of degeneration {unknown}
 u - a potion of lignification {unknown}
 w - 2 potions of magic {unknown}
 z - a potion of mutation {unknown}
 D - a potion of heal wounds {unknown}
Comestibles
 f - 6 rations


   Skills:
 + Level 4.9 Fighting
 * Level 4.9 Maces & Flails
 + Level 4.9 Armour
 + Level 4.8 Shields


You had 6 spell levels left.
You didn't know any spells.
Your spell library was empty.

Dungeon Overview and Level Annotations

Branches:
Dungeon (5/15)
 Temple: D:4-7

Altars:
Ashenzari
Dithmenos
Hepliaklqana
Okawaru
Uskayaw

Shops:
D:4 (=

Annotations:
D:4 2 transporters, Thantalas's ghost, novice MiFi


Innate Abilities, Weirdness & Mutations

You are resistant to torment.
Your stone body is resilient. (AC +4)
You are immune to poison.
You resist negative energy. (rN+)
You are resistant to electric shocks. (rElec)
You can survive without breathing.
You are immune to petrification.
You are immune to rotting.


Message History

The ball python grabs you. The ball python constricts you.
The bullfrog hits you.
* * * LOW HITPOINT WARNING * * *
You block the adder's attack. You block the bullfrog's attack.
The adder bites you but does no damage.
Your unstable footing causes you to fumble your attack.
You block the bullfrog's attack. You block the ball python's attack.
The ball python constricts you. The adder bites you but does no damage.
The bullfrog hits you but does no damage.
The adder bites you but does no damage.
Unknown command.
You sock the ball python!
You kill the ball python!
The bullfrog hits you but does no damage.
You block the adder's attack.
The bullfrog hits you but does no damage.
The ball python bites you but does no damage.
You block the ball python's attack. The adder bites you but does no damage.
The bullfrog hits you.
You die...

####################
###..≈≈≈≈S@SS≈≈≈≈≈≈≈..
##...≈≈≈≈≈SFF..≈≈≈≈≈≈≈.
#....≈≈≈≈≈≈≈≈≈≈#≈≈≈≈≈≈.
#....≈≈≈≈≈≈≈≈≈≈≈≈≈≈≈#≈.
##....≈≈≈≈≈≈≈≈≈≈≈≈≈≈≈≈≈.
#.....#≈≈≈≈≈≈≈≈≈≈≈≈≈≈≈..
#....###################
##...#### #....#..#


You could see 2 bullfrogs, 2 adders and 2 ball pythons.

Vanquished Creatures
  An orc wizard (D:3)
  An orc priest (D:3)
  Crazy Yiuf (D:2)
  A gnoll shaman (D:4)
  A bullfrog skeleton (D:3)
  An iguana (D:4)
  A worker ant (D:4)
  5 gnolls (D:4)
  10 adders
  2 river rats (Sewer)
  2 oozes (Sewer)
  4 worms
  3 dart slugs
  4 leopard geckos
  2 orcs (D:3)
  4 giant cockroaches
  9 goblins
  7 hobgoblins
  12 jackals
  3 quokkas
  13 ball pythons
  7 bats
  6 frilled lizards
  5 kobolds
  49 rats
154 creatures vanquished.

Notes
Turn   | Place    | Note
-------+----------+-------------------------------------------
     0 | D:1      | Mrkan the Gargoyle Fighter began the quest for the Orb.
     0 | D:1      | Reached XP level 1. HP: 14/14 MP: 1/1
   299 | D:1      | Reached XP level 2. HP: 19/19 MP: 2/2
   788 | D:2      | Reached XP level 3. HP: 22/23 MP: 3/3
   983 | D:2      | Found a runed translucent door.
   984 | D:2      | Noticed Crazy Yiuf
  1221 | D:2      | Reached XP level 4. HP: 23/29 MP: 4/4
  1534 | D:2      | Killed Crazy Yiuf
  1612 | D:3      | Reached XP level 5. HP: 25/33 MP: 5/5
  1774 | D:3      | Found a shadowy altar of Dithmenos.
  1820 | D:3      | Found a hide-covered altar of Uskayaw.
  2150 | D:3      | Reached XP level 6. HP: 39/39 MP: 6/6
  2547 | D:3      | Found a shattered altar of Ashenzari.
  2567 | D:3      | Became a worshipper of Ashenzari the Shackled
  2639 | D:4      | Found Telor's Antique Weapon Shop.
  2850 | D:4      | Found an iron altar of Okawaru.
  2964 | D:4      | Found a transporter.
  2965 | D:4      | Found a transporter.
  2965 | D:4      | Noticed Thantalas's ghost (novice MiFi)
  2993 | D:4      | Found a hazy altar of Hepliaklqana.
  3075 | D:4      | Found Biadd's Jewellery Shop.
  3267 | D:4      | Identified the +5 great mace of Bajiodon {crush, MR+ Int+9}
  3689 | D:5      | Entered Level 5 of the Dungeon
  3697 | D:5      | Found a glowing drain.
  3721 | Sewer    | Entered a sewer
  3776 | Sewer    | Reached XP level 7. HP: 41/44 MP: 7/7
  4080 | Sewer    | HP: 3/66 [bullfrog (4)]
  4082 | Sewer    | Slain by a bullfrog

Skill      XL: |  1  2  3  4  5 |
---------------+----------------+-----
Maces & Flails | 3 4 |  4.9
Fighting       | 4 |  4.9
Armour         | 4 |  4.9
Shields        | 4 |  4.8

Action                   |  1- 3 |  4- 6 |  7- 9 || total
-------------------------+-------+-------+-------++-------
Melee: Flail             |   178 |   375 |   160 ||   713
  Use: Scroll            |       |     3 |       ||     3
       Potion            |       |       |     2 ||     2
  Eat: Chunk             |     1 |     9 |     2 ||    12
Armor: Scale mail        |    95 |   146 |       ||   241
       Plate armour      |       |   245 |   397 ||   642
Dodge: Dodged            |    56 |   123 |    69 ||   248
Block: Shield            |   105 |   299 |   218 ||   622
